 Dungeon Crawl Stone Soup version 0.28-a0-1212-gc6b4282bc0 (webtiles) character file.

Game seed: 7521007802624438496

1229 Lavandula the Ruffian (level 8, -16/64 HPs)
             Began as a Formicid Transmuter on Dec 21, 2021.
             Killed from afar by a steam dragon (24 damage)
             ... with a ball of steam
             ... on level 6 of the Dungeon.
             The game lasted 00:10:33 (5967 turns).

Lavandula the Ruffian (Formicid Transmuter)         Turns: 5967, Time: 00:10:33

Health: -16/64     AC:  6    Str: 18    XL:     8   Next: 77%
Magic:  8/11       EV: 10    Int: 12    God:
Gold:   217        SH:  0    Dex: 11    Spells: 1/11 levels left

rFire   . . .      SeeInvis .     - Unarmed
rCold   + + +      Faith    .   (shield currently unavailable)
rNeg    . . .      Spirit   .   (armour currently unavailable)
rPois   +          Reflect  .   (helmet unavailable)
rElec   .          Harm     .   (cloak currently unavailable)
rCorr   .          Rampage  .   (gloves currently unavailable)
Will    .....                   (boots currently unavailable)
Stlth   +.........              (no amulet)
HPRegen 0.20/turn               w - ring of protection from fire
MPRegen 0.12/turn               (no ring)

@: ice-form
A: freezing attack, amphibious, boosted hp, permanent stasis, dig shafts and
tunnels, large, (antennae 3), four strong arms
a: End Transformation


You were on level 6 of the Dungeon.
You were a creature of crystalline ice.
You visited 1 branch of the dungeon, and saw 6 of its levels.

You collected 217 gold pieces.

Inventory:

Hand Weapons
 o - a +3 quarterstaff of chaos (melded)
Missiles
 b - a throwing net (quivered)
Armour
 i - a +2 leather armour of poison resistance (melded)
 j - a +0 pair of gloves (melded)
 p - a +1 cloak of preservation (melded)
 x - a +0 robe of willpower
Jewellery
 q - a ring of fire
 w - a ring of protection from fire (left front paw)
Wands
 h - a wand of flame (14)
Scrolls
 a - a scroll of fear {unknown}
 d - a scroll of enchant armour {unknown}
 e - a scroll of magic mapping {unknown}
 g - a scroll of silence {unknown}
 l - 2 scrolls of enchant weapon {unknown}
 n - a scroll of immolation {unknown}
 r - a scroll of teleportation {unknown}
 s - a scroll of vulnerability {unknown}
 t - a scroll of noise {unknown}
Potions
 c - a potion of might
 f - a potion of resistance
 k - a potion of attraction
 m - 2 potions of curing {unknown}
 u - a potion of flight {unknown}
 v - 2 potions of invisibility {unknown}


   Skills:
 - Level 1.1 Fighting
 - Level 1.7 Dodging
 - Level 7.3 Unarmed Combat
 - Level 2.1 Spellcasting
 - Level 5.2 Transmutations
 - Level 4.6 Ice Magic
 - Level 4.0 Poison Magic


You had one spell level left.
You knew the following spells:

 Your Spells              Type           Power      Damage    Failure   Level
a - Beastly Appendage     Tmut           26%        N/A       3%          1
b - Wereblood             Tmut           13%        N/A       4%          2
c - Spider Form           Tmut/Pois      12%        N/A       12%         3
d - Ice Form              Ice/Tmut       13%        N/A       34%         4

Your spell library contained the following spells:

 Spells                   Type           Power      Damage    Failure   Level


Dungeon Overview and Level Annotations

Branches:
Dungeon (6/15)
 Temple: D:4-7

Altars:
Ashenzari
Fedhas

Portals:
Abyss: D:3

Annotations:
D:3 2 transporters, ytsedan's ghost, weakling MiFi


Innate Abilities, Weirdness & Mutations

You are a creature of crystalline ice.
You have a powerful freezing melee attack.
You are amphibious.
Your maximum health is increased.
Your armour is entirely melded.
You are incapable of wielding weapons or throwing items.
You cannot be hasted, slowed, berserked, paralysed or teleported.
You can dig through walls and to a lower floor.
((You have a pair of large antennae on your head. (SInv)))
Your four strong arms can wield two-handed weapons with a shield.


Message History

Unknown command.
The hound barks!
You hit the five-headed hydra. You freeze the five-headed hydra.
The five-headed hydra is heavily wounded.
You hear an angry hiss.
The five-headed hydra bites you. x2
The five-headed hydra barely misses you.
The five-headed hydra bites you! The five-headed hydra bites you.
You punch the five-headed hydra!
The five-headed hydra seems to slow down.
You freeze the five-headed hydra.
The five-headed hydra is severely wounded.
The five-headed hydra bites you. The five-headed hydra bites you! x2
The five-headed hydra misses you.
The five-headed hydra barely misses you.
You hit the five-headed hydra but do no damage.
The five-headed hydra is severely wounded.
A steam dragon comes into view.
Unknown command.
You punch the five-headed hydra! You freeze the five-headed hydra.
The five-headed hydra is almost dead.
The five-headed hydra barely misses you.
The five-headed hydra bites you but does no damage.
The five-headed hydra bites you!
* * * LOW HITPOINT WARNING * * *
The five-headed hydra barely misses you. x2
Unknown command.
Unknown command.
Okay, then.
The hound bites you but does no damage.
Unknown command.
Unknown command.
The hound bites you but does no damage.
Unknown command.
Unknown command.
The hound closely misses you.
Unknown command.
The steam dragon breathes steam at you. The ball of steam hits you!!
You die...

#............#
####.........##### #...#
###.#...........##.## #...#
..........##........# .....
...........#........####...
.....................##...#
.....................##...##
.......).#..#...##....##...##
#...............Yh....##....#
#................§D....†....##
#............(....§§.........#
#...................§..#.##.##
....<.............†.#D......#
....................##..#...##
.....##.............###.#....#
.##...####..........##?.....##
.###..#..#..##.##...........#


You could see a five-headed hydra and a hound.

Vanquished Creatures
  Sigmund (D:3)
  2 water moccasins
  An ogre (D:5)
  A black bear (D:6)
  A sky beast (D:6)
  A necrophage (D:4)
  A hound (D:6)
  2 jellies (D:5)
  An orc priest (D:5)
  Crazy Yiuf (D:2)
  Jessica (D:3)
  3 iguanas
  Robin (D:3)
  12 gnolls
  7 adders
  An ufetubus (D:6)
  An adder skeleton (D:4)
  2 dart slugs
  9 orcs
  2 bats
  9 endoplasms
  A giant cockroach (D:3)
  14 goblins
  6 hobgoblins
  3 quokkas (D:3)
  A ball python (D:4)
  3 frilled lizards
  3 kobolds
  A rat (D:1)
92 creatures vanquished.

Notes
Turn   | Place    | Note
-------+----------+-------------------------------------------
     0 | D:1      | Lavandula the Formicid Transmuter began the quest for the
                  | Orb.
     0 | D:1      | Reached XP level 1. HP: 15/15 MP: 3/3
   362 | D:3      | Noticed Jessica
   366 | D:3      | Noticed Sigmund
   374 | D:2      | Reached XP level 2. HP: 17/21 MP: 3/5
   689 | D:2      | Learned a level 2 spell: Wereblood
   976 | D:1      | Reached skill level 4 in Unarmed Combat
   976 | D:1      | Reached XP level 3. HP: 23/26 MP: 4/6
  1221 | D:1      | Learned a level 3 spell: Spider Form
  1607 | D:2      | Reached skill level 1 in Poison Magic
  1607 | D:2      | Reached XP level 4. HP: 22/32 MP: 4/7
  1883 | D:2      | Reached XP level 5. HP: 36/37 MP: 5/8
  2144 | D:2      | Noticed a great orb of eyes
  2146 | D:2      | Found a faded altar of an unknown god.
  2148 | D:2      | Noticed a golden eye
  2148 | D:2      | Noticed an eye of devastation
  2148 | D:2      | Noticed a shining eye
  2325 | D:2      | Found a runed translucent door.
  2326 | D:2      | Noticed Crazy Yiuf
  2501 | D:3      | Noticed Robin
  2525 | D:3      | Killed Robin
  2572 | D:3      | Killed Sigmund
  2573 | D:3      | Reached skill level 5 in Transmutations
  2573 | D:3      | Reached XP level 6. HP: 37/43 MP: 5/9
  2675 | D:3      | Noticed a small abomination
  2714 | D:3      | Found a transporter.
  2743 | D:3      | Found a transporter.
  2807 | D:3      | Killed Jessica
  2873 | D:3      | Found a one-way gate to the infinite horrors of the Abyss.
  2873 | D:3      | Noticed ytsedan's ghost (weakling MiFi)
  2915 | D:3      | Reached XP level 7. HP: 40/48 MP: 6/10
  3376 | D:2      | Killed Crazy Yiuf
  3377 | D:2      | Reached skill level 5 in Unarmed Combat
  3851 | D:4      | Found a broken altar of Ashenzari.
  3884 | D:4      | Found a blossoming altar of Fedhas.
  4324 | D:5      | Entered Level 5 of the Dungeon
  4354 | D:5      | Reached skill level 6 in Unarmed Combat
  4777 | D:5      | Noticed a water moccasin
  4786 | D:5      | Killed a water moccasin
  4895 | D:5      | Reached XP level 8. HP: 34/54 MP: 7/11
  5066 | D:5      | Reached skill level 7 in Unarmed Combat
  5452 | D:5      | Learned a level 4 spell: Ice Form
  5571 | D:6      | Noticed a five-headed hydra
  5592 | D:6      | Reached skill level 1 in Ice Magic
  5967 | D:6      | Killed from afar by a steam dragon

Illustrated notes

Levels and vault maps discovered:
D:1:      dpeg_arrival_round_a, layout_basic
D:2:      layout_rooms, hellmonk_ecumenical_altar_watching_god,
          uniq_crazy_yiuf_cottage
D:3:      layout_basic, gammafunk_ghost_abyssal_escape, uniq_jessica,
          uniq_robin, uniq_sigmund
D:4:      layout_basic, mainiacjoe_overflow_swirl
D:5:      layout_loops_corners
D:6:      layout_cave_pools, minmay_temple_entry_sparse_star, chequers_garden,
          ebering_dispersal_statue_hall, kennysheep_nub

Skill      XL: |  1  2  3  4  5  6  7  8 |
---------------+-------------------------+-----
Unarmed Combat | 4 6 7 |  7.3
Poison Magic   | 1 3 4 |  4.0
Transmutations | 5 |  5.2
Ice Magic      | 4 |  4.6
Fighting       | |  1.1
Dodging        | |  1.7
Spellcasting   | |  2.1

Action                   |  1- 3 |  4- 6 |  7- 9 || total
-------------------------+-------+-------+-------++-------
Melee: Unarmed           |    56 |    89 |    99 ||   244
       Kick              |    11 |     2 |       ||    13
       Punch             |     2 |       |       ||     2
       Quarterstaff      |       |       |     7 ||     7
Throw: Throwing net      |     1 |       |     1 ||     2
 Cast: Beastly Appendage |    13 |     4 |     2 ||    19
       Spider Form       |     2 |    14 |    17 ||    33
       Wereblood         |     2 |     3 |     5 ||    10
       Ice Form          |       |       |     2 ||     2
 Abil: Dig               |     2 |     1 |       ||     3
Evoke: Wand              |       |       |     4 ||     4
  Use: Scroll            |       |       |     3 ||     3
       Potion            |       |       |     1 ||     1
 Stab: Held in net/web   |     1 |       |       ||     1
Armor: Robe              |     5 |       |       ||     5
       Leather armour    |     3 |     8 |     6 ||    17
       Skin              |       |     4 |     9 ||    13
Dodge: Dodged            |    35 |    48 |    82 ||   165

Table legend: (Time is in decaauts)
 A = Elapsed time spent in this place.
 B = Non-inter-level travel time spent in this place.
 C = Inter-level travel time spent in this place.
 D = Time resting spent in this place.
 E = Time spent auto-exploring this place.
 F = Levels seen in this place.
 G = Mean time per level.
                   A        B        C        D        E       F      G
               +--------+--------+--------+--------+--------+-----+--------+
         Total |   5953 |   5744 |    209 |    714 |   4053 |   6 |  992.2 |
       Dungeon |   5953 |   5744 |    209 |    714 |   4053 |   6 |  992.2 |
               +--------+--------+--------+--------+--------+-----+--------+

Top non-repeatable levels by time:
     D:1: 1375 daAuts
     D:5: 1140 daAuts
     D:3: 1081 daAuts
     D:2: 974 daAuts
     D:4: 887 daAuts
     D:6: 494 daAuts
